[Event "8. Arber-Schachopen 2019"]
[Site "Bodenmais"]
[Date "2019.08.02"]
[Round "7.4"]
[White "Bogdanov, Egor"]
[Black "Hopman, Pieter"]
[Result "1-0"]
[ECO "B07"]
[WhiteElo "2407"]
[BlackElo "2347"]
[Annotator "ChessBase"]
[PlyCount "73"]
[EventDate "2019.07.27"]
[EventCountry "GER"]
[SourceTitle "playchess.com"]
[Source "ChessBase"]
[SourceQuality "1"]
[TimeControl "40/5400+30:1800+30"]

1. e4 d6 2. d4 Nf6 3. Nc3 e5 4. Nge2 c6 5. g3 Be7 6. Bg2 O-O 7. O-O b5 8. a3 a5 9. h3 Ba6 10. b4 Bc8 11. Be3 Nbd7 12. d5 Bb7 13. Qd3 Qb8 14. g4 Rc8 15. g5 Nh5 16. h4 cxd5 17. Nxd5 Bxd5 18. Qxd5 Nb6 19. Qxb5 Nc4 20. Qxb8 Raxb8 21. Bf3 Nf4 22. Nxf4 Nxe3 23. fxe3 exf4 24. exf4 axb4 25. axb4 Rxb4 26. Ra2 d5 27. Bg4 Rd8 28. e5 h6 29. Bf5 hxg5 30. hxg5 g6 31. Bd3 Bc5+ 32. Kg2 Kf8 33. Kf3 Bb6 34. Rh1 Kg7 35. Ra6 Re8 36. Rh6 Rb1 37. f5 1-0

[Event "8. Arber-Schachopen 2019"]
[Site "Bodenmais"]
[Date "2019.08.02"]
[Round "7.5"]
[White "Woelk, Tom-Frederic"]
[Black "Peng, Li Min"]
[Result "0-1"]
[ECO "D20"]
[WhiteElo "2229"]
[BlackElo "2466"]
[Annotator "ChessBase"]
[PlyCount "90"]
[EventDate "2019.07.27"]
[EventCountry "GER"]
[SourceTitle "playchess.com"]
[Source "ChessBase"]
[SourceQuality "1"]
[TimeControl "40/5400+30:1800+30"]

1. d4 d5 2. c4 dxc4 3. e4 Nc6 4. d5 Ne5 5. Bxc4 Nxc4 6. Qa4+ c6 7. Qxc4 cxd5 8. exd5 a6 9. Nf3 Nf6 10. Nc3 b5 11. Qd4 Bb7 12. a4 Nxd5 13. axb5 Nxc3 14. Qxc3 Rc8 15. Qe5 Qd3 16. bxa6 Bxa6 17. Qe3 Qb5 18. Nd4 Qb7 19. Qf3 e5 20. Qxb7 Bxb7 21. Nf3 f6 22. O-O Kf7 23. Be3 Be7 24. Rfc1 Bd5 25. Nd2 Rxc1+ 26. Rxc1 Rb8 27. Rc2 Ke6 28. f3 f5 29. g3 g5 30. Kf1 Ra8 31. Bc5 Ra1+ 32. Kf2 Bf6 33. b4 Rh1 34. Kg2 Rd1 35. Kf2 Rh1 36. Kg2 Rd1 37. Kf2 Bd8 38. Be3 h5 39. Rb2 f4 40. Bc5 g4 41. gxf4 exf4 42. Kg2 Bh4 43. Bf2 Bf6 44. Rc2 gxf3+ 45. Kh3 Ke5 0-1

[Event "8. Arber-Schachopen 2019"]
[Site "Bodenmais"]
[Date "2019.08.02"]
[Round "7.6"]
[White "Bensch, Patrick"]
[Black "Kolb, Wolfgang"]
[Result "1-0"]
[ECO "A30"]
[WhiteElo "2197"]
[BlackElo "2099"]
[Annotator "ChessBase"]
[PlyCount "71"]
[EventDate "2019.07.27"]
[EventCountry "GER"]
[SourceTitle "playchess.com"]
[Source "ChessBase"]
[SourceQuality "1"]
[TimeControl "40/5400+30:1800+30"]

1. c4 c5 2. Nf3 Nc6 3. Nc3 g6 4. d4 cxd4 5. Nxd4 Bg7 6. Nc2 d6 7. e4 Nf6 8. Be2 O-O 9. O-O b6 10. Bg5 Bb7 11. Qd2 Rc8 12. f3 Re8 13. Rac1 Ne5 14. b3 Qc7 15. Rfd1 Qb8 16. Nb4 Ned7 17. Nbd5 Nxd5 18. Nxd5 Bxd5 19. cxd5 Kf8 20. Bb5 Red8 21. Bc6 Ne5 22. b4 Rc7 23. b5 Nd7 24. Qf2 Nc5 25. Qh4 h5 26. Rc4 f6 27. Be3 Kf7 28. f4 Rh8 29. Rf1 Qc8 30. f5 Bh6 31. fxg6+ Kxg6 32. Bxh6 Rxh6 33. Rc3 Kh7 34. Rf5 Qf8 35. Rxh5 Nd7 36. Rh3 1-0

[Event "8. Arber-Schachopen 2019"]
[Site "Bodenmais"]
[Date "2019.08.02"]
[Round "7.7"]
[White "Rotstein, Arkadij"]
[Black "Pap, Misa"]
[Result "1-0"]
[ECO "A88"]
[WhiteElo "2471"]
[BlackElo "2461"]
[Annotator "ChessBase"]
[PlyCount "85"]
[EventDate "2019.07.27"]
[EventCountry "GER"]
[SourceTitle "playchess.com"]
[Source "ChessBase"]
[SourceQuality "1"]
[TimeControl "40/5400+30:1800+30"]

1. d4 f5 2. g3 Nf6 3. Bg2 g6 4. c4 Bg7 5. Nc3 O-O 6. Nf3 d6 7. O-O c6 8. b3 a5 9. Bb2 Na6 10. Qc2 Qc7 11. Rac1 e5 12. d5 e4 13. Nd4 Bd7 14. Qd2 Rfe8 15. e3 Nc5 16. dxc6 bxc6 17. Ba3 Ng4 18. Bxc5 dxc5 19. Nde2 Be6 20. Na4 Rad8 21. Qc2 Bf7 22. Rcd1 Bf8 23. Rxd8 Rxd8 24. Rd1 Ne5 25. h4 h6 26. Bh3 Nf3+ 27. Kf1 Re8 28. Qb2 Rb8 29. h5 Rd8 30. Qc2 Rxd1+ 31. Qxd1 Qe5 32. hxg6 Bxg6 33. Nf4 Bf7 34. Nb6 Be7 35. Nd7 Qb2 36. Bxf5 Qxa2 37. Kg2 Qd2 38. Qa1 Ne1+ 39. Kg1 Nf3+ 40. Kf1 Qc2 41. Kg2 Qd2 42. Nf6+ Kf8 43. Nxe4 1-0

[Event "8. Arber-Schachopen 2019"]
[Site "Bodenmais"]
[Date "2019.08.02"]
[Round "7.8"]
[White "Kleibel, Uwe"]
[Black "Sergeev, Vladimir"]
[Result "0-1"]
[ECO "B40"]
[WhiteElo "2217"]
[BlackElo "2415"]
[Annotator "ChessBase"]
[PlyCount "82"]
[EventDate "2019.07.27"]
[EventCountry "GER"]
[SourceTitle "playchess.com"]
[Source "ChessBase"]
[SourceQuality "1"]
[TimeControl "40/5400+30:1800+30"]

1. e4 c5 2. Nf3 e6 3. g3 Nf6 4. e5 Nd5 5. Bg2 Nc6 6. O-O Be7 7. Qe2 O-O 8. Rd1 Qc7 9. c4 Ndb4 10. d3 Nd4 11. Nxd4 cxd4 12. Bf4 Nc6 13. h4 d6 14. exd6 Bxd6 15. Bxd6 Qxd6 16. Nd2 Bd7 17. Ne4 Qe7 18. a3 a5 19. b3 Rab8 20. Qh5 b6 21. Re1 Rfc8 22. f4 f6 23. Ra2 Rc7 24. Nf2 f5 25. Nh3 h6 26. Kh2 b5 27. Bd5 Qf7 28. Qxf7+ Kxf7 29. cxb5 exd5 30. bxc6 Rxc6 31. Ng1 Rc3 32. Nf3 Bb5 33. Rae2 Bxd3 34. Re7+ Kf8 35. R1e6 Rc2+ 36. Kg1 Be4 37. Ne5 Rbc8 38. Nd7+ Kg8 39. Re8+ Rxe8 40. Rxe8+ Kf7 41. Ra8 d3 0-1

[Event "8. Arber-Schachopen 2019"]
[Site "Bodenmais"]
[Date "2019.08.02"]
[Round "7.9"]
[White "Medunova, Vera"]
[Black "Schleining, Zoya"]
[Result "1/2-1/2"]
[ECO "B44"]
[WhiteElo "2093"]
[BlackElo "2339"]
[Annotator "ChessBase"]
[PlyCount "94"]
[EventDate "2019.07.27"]
[EventCountry "GER"]
[SourceTitle "playchess.com"]
[Source "ChessBase"]
[SourceQuality "1"]
[TimeControl "40/5400+30:1800+30"]

1. e4 c5 2. Nf3 Nc6 3. d4 cxd4 4. Nxd4 e6 5. a3 Nf6 6. Nc3 Be7 7. Be2 O-O 8. O-O d6 9. Be3 Qc7 10. Qd2 Nxd4 11. Qxd4 b6 12. Rad1 Bb7 13. f3 Rad8 14. Kh1 Bc6 15. Bb5 d5 16. Qa4 Bxb5 17. Nxb5 Qc6 18. exd5 Nxd5 19. Bd4 Rd7 20. c4 Nf4 21. Be3 Nd3 22. Qc2 Ne5 23. Rxd7 Qxd7 24. Rd1 Qb7 25. Qe2 Nc6 26. Nd6 Qa6 27. Bf2 Rd8 28. Nb5 Qc8 29. Kg1 h6 30. Kf1 a6 31. Nc3 Rxd1+ 32. Nxd1 Na5 33. Bxb6 Nxc4 34. Bd4 Nd6 35. g3 Nb5 36. Be3 Bf6 37. Qd3 Qc6 38. Kf2 Nd6 39. Kg2 Nc4 40. b4 Ne5 41. Qe2 g5 42. h3 Nc4 43. Qd3 Ne5 44. Qe2 Nc4 45. Qd3 h5 46. Nf2 Qd5 47. Bc1 Be7 1/2-1/2

[Event "8. Arber-Schachopen 2019"]
[Site "Bodenmais"]
[Date "2019.08.02"]
[Round "7.10"]
[White "Pohl-Kuemmel, Jens-Uwe"]
[Black "Kottmair, Toni"]
[Result "0-1"]
[ECO "D96"]
[WhiteElo "2288"]
[BlackElo "2086"]
[Annotator "ChessBase"]
[PlyCount "104"]
[EventDate "2019.07.27"]
[EventCountry "GER"]
[SourceTitle "playchess.com"]
[Source "ChessBase"]
[SourceQuality "1"]
[TimeControl "40/5400+30:1800+30"]

1. d4 Nf6 2. Nf3 g6 3. c4 Bg7 4. Nc3 d5 5. Qb3 dxc4 6. Qxc4 O-O 7. Bf4 Be6 8. Qb5 Nc6 9. e3 Qd7 10. Bc4 a6 11. Bxe6 Qxe6 12. Qe2 Ne4 13. O-O Rac8 14. Rfc1 Nxc3 15. bxc3 b5 16. a4 Na5 17. Nd2 Qb6 18. axb5 axb5 19. Rcb1 c6 20. c4 e5 21. dxe5 b4 22. c5 Qxc5 23. Ne4 Qb6 24. Nd6 Rb8 25. Qa2 Nb7 26. Nc4 Qb5 27. Qa7 Qxc4 28. e6 Bxa1 29. Bxb8 Bc3 30. e7 Re8 31. Qxb7 Qe4 32. Rd1 Rxe7 33. Qb6 Kg7 34. h3 Re6 35. Bf4 h5 36. Qc5 Qf5 37. Qc4 Qe4 38. Qa6 c5 39. Qc8 Qc6 40. Qb8 Re8 41. Qa7 Ra8 42. Qe7 Re8 43. Qa7 Ra8 44. Qe7 Bf6 45. Be5 Bxe5 46. Qxe5+ Qf6 47. Qxc5 Ra1 48. Rxa1 Qxa1+ 49. Kh2 b3 50. e4 b2 51. Qe5+ Kh7 52. Qd5 b1=Q 0-1

[Event "8. Arber-Schachopen 2019"]
[Site "Bodenmais"]
[Date "2019.08.02"]
[Round "7.12"]
[White "Beulertz, Stefan"]
[Black "Senner, Peter"]
[Result "0-1"]
[ECO "A10"]
[WhiteElo "2033"]
[BlackElo "2231"]
[Annotator "NA"]
[PlyCount "38"]
[EventDate "2019.07.27"]
[EventCountry "GER"]
[SourceTitle "playchess.com"]
[Source "ChessBase"]
[SourceQuality "1"]
[TimeControl "40/5400+30:1800+30"]

1. c4 f5 2. Nc3 Nf6 3. g3 e6 4. Bg2 Be7 5. d3 O-O 6. e4 fxe4 7. dxe4 d6 8. e5 dxe5 9. Qe2 Nc6 10. Bxc6 bxc6 11. Nf3 e4 12. Nxe4 e5 13. Nfg5 Nxe4 14. Nxe4 Bh3 15. Rg1 Bf5 16. f3 Qd4 17. Be3 Bb4+ 18. Kf2 Qxe4 19. a3 Bg4 0-1

[Event "8. Arber-Schachopen 2019"]
[Site "Bodenmais"]
[Date "2019.08.02"]
[Round "7.13"]
[White "Brandsma, Romayn"]
[Black "Hoffmann, Sebastian"]
[Result "1/2-1/2"]
[ECO "B20"]
[WhiteElo "1957"]
[BlackElo "2199"]
[Annotator "ChessBase"]
[PlyCount "107"]
[EventDate "2019.07.27"]
[EventCountry "GER"]
[SourceTitle "playchess.com"]
[Source "ChessBase"]
[SourceQuality "1"]
[TimeControl "40/5400+30:1800+30"]

1. e4 c5 2. c4 Nc6 3. Nc3 d6 4. g3 g6 5. Bg2 Bg7 6. Nge2 Bg4 7. h3 Bxe2 8. Nxe2 e6 9. d3 Qd7 10. Rb1 Nge7 11. Nf4 a6 12. h4 h6 13. a3 b5 14. b3 e5 15. Ne2 Rb8 16. Qc2 Qb7 17. Rb2 O-O 18. h5 g5 19. g4 Qd7 20. f3 Rb7 21. O-O Rfb8 22. Bd2 bxc4 23. dxc4 Nd8 24. Rfb1 Nec6 25. Bc3 Ne6 26. Bf1 Ned4 27. Nxd4 exd4 28. Bd2 Ne5 29. Kf2 Qe6 30. Qd1 Re8 31. Kg2 Reb8 32. Be1 d3 33. Bxd3 Nxd3 34. Qxd3 Bxb2 35. Rxb2 Rb6 36. Ba5 R6b7 37. Bd2 Qe7 38. b4 cxb4 39. axb4 Qe6 40. Bc3 f6 41. Qd4 Rc8 42. c5 dxc5 43. bxc5 Rbc7 44. Rb6 Rc6 45. Rxc6 Qxc6 46. Bb4 Kg7 47. Qd5 Qb5 48. Qf5 Rc6 49. Qg6+ Kf8 50. Qxh6+ Ke7 51. Qg7+ Ke8 52. Qg8+ Ke7 53. Qg7+ Ke8 54. Qg8+ 1/2-1/2

[Event "8. Arber-Schachopen 2019"]
[Site "Bodenmais"]
[Date "2019.08.02"]
[Round "7.14"]
[White "Eggeling, Philipp"]
[Black "Beck, Gerald"]
[Result "1/2-1/2"]
[ECO "A05"]
[WhiteElo "1869"]
[BlackElo "2176"]
[Annotator "NA"]
[PlyCount "84"]
[EventDate "2019.07.27"]
[EventCountry "GER"]
[SourceTitle "playchess.com"]
[Source "ChessBase"]
[SourceQuality "1"]
[TimeControl "40/5400+30:1800+30"]

1. Nf3 Nf6 2. g3 b6 3. Bg2 Bb7 4. c4 e6 5. O-O c5 6. b3 g6 7. Bb2 Bg7 8. d4 O-O 9. dxc5 bxc5 10. Nc3 d5 11. cxd5 exd5 12. Na4 {[%emt 0:01:36] A30: Symmetrical English: Double Fianchetto and Hedgehog} Na6 13. Rc1 {[%emt 0:00:48] [#]} Qa5 $146 ({Predecessor:} 13... Rc8 14. Bh3 Rc7 15. Ba3 Ne4 16. Nd2 Ng5 17. Bg2 Ne6 18. Nb1 {½-½ (18) Jakubiec,A (2565)-Babula,V (2569) Czechia 2004}) 14. Bc3 Qb5 15. e3 Rfd8 16. Qc2 Rac8 17. Qb2 Ne8 18. Rfd1 d4 19. exd4 Bxf3 20. Bxf3 cxd4 21. Bd2 Nb4 22. Bxb4 Qxb4 23. Rxc8 Rxc8 24. Qb1 Qa3 25. Nb2 Nd6 26. Bd5 Nb5 27. Rd2 Nc3 28. Qc2 Qxa2 29. Bc4 Re8 30. Nd3 Qa1+ 31. Kg2 Qa5 32. Nf4 Qe5 33. Qd3 Bh6 34. Qxd4 $11 Bxf4 35. gxf4 Qxd4 36. Rxd4 Re7 37. Kf3 Kg7 38. Bd3 f5 39. Bc4 Ne4 40. Rd8 Nf6 41. Rd1 Rc7 42. Rd8 Re7 1/2-1/2

[Event "8. Arber-Schachopen 2019"]
[Site "Bodenmais"]
[Date "2019.08.02"]
[Round "7.15"]
[White "Schelle, Artur"]
[Black "Vennemann, Juergen"]
[Result "1-0"]
[ECO "A00"]
[WhiteElo "2176"]
[BlackElo "1925"]
[Annotator "ChessBase"]
[PlyCount "111"]
[EventDate "2019.07.27"]
[EventCountry "GER"]
[SourceTitle "playchess.com"]
[Source "ChessBase"]
[SourceQuality "1"]
[TimeControl "40/5400+30:1800+30"]

1. g3 d5 2. Bg2 c6 3. d3 e5 4. Nf3 Bd6 5. O-O Nf6 6. Nc3 O-O 7. e4 Nbd7 8. Nh4 d4 9. Nf5 Bc7 10. Nb1 Nb6 11. Nd2 Be6 12. Nf3 Qd7 13. N3h4 Kh8 14. Kh1 Ng8 15. b3 Nc8 16. Bd2 Nd6 17. Nxd6 Bxd6 18. f4 exf4 19. gxf4 Bh3 20. Qf3 Bg4 21. Qf2 Bc7 22. Rae1 Rae8 23. Nf3 c5 24. Rg1 Re6 25. f5 Ra6 26. a4 Nh6 27. h3 Bxf3 28. Bxf3 Nxf5 29. Bg4 Ng3+ 30. Rxg3 Bxg3 31. Qxg3 Rg6 32. Bxd7 Rxg3 33. Bg4 h5 34. Kh2 Rxg4 35. hxg4 hxg4 36. Kg3 f5 37. exf5 Rxf5 38. Re2 Rf1 39. Kxg4 Kg8 40. Bf4 Kf7 41. Kf5 b6 42. Ke4 Ke6 43. Rg2 Re1+ 44. Kf3 Rf1+ 45. Rf2 Rg1 46. Bb8 a6 47. Ba7 b5 48. axb5 axb5 49. Bxc5 Kd5 50. Bb4 Rg6 51. Bf8 Rf6+ 52. Ke2 Rc6 53. Kd2 g6 54. b4 Re6 55. Rf4 Ke5 56. Re4+ 1-0

[Event "8. Arber-Schachopen 2019"]
[Site "Bodenmais"]
[Date "2019.08.02"]
[Round "7.16"]
[White "Peglau, Charis"]
[Black "Schmahl, Stephan"]
[Result "1-0"]
[ECO "C01"]
[WhiteElo "1540"]
[BlackElo "2101"]
[Annotator "NA"]
[PlyCount "47"]
[EventDate "2019.07.27"]
[EventCountry "GER"]
[SourceTitle "playchess.com"]
[Source "ChessBase"]
[SourceQuality "1"]
[TimeControl "40/5400+30:1800+30"]

1. e4 e6 2. d4 d5 3. exd5 exd5 4. Bd3 Nc6 5. c3 Bd6 6. Nf3 Bg4 7. O-O Nge7 8. Re1 Qd7 9. a4 O-O-O 10. b4 Ng6 11. a5 Rde8 12. Rxe8+ Rxe8 13. Nbd2 Nh4 14. b5 Bxf3 15. Nxf3 Nxf3+ 16. Qxf3 Re1+ 17. Bf1 Nxd4 18. cxd4 Qxb5 19. Qh3+ Kb8 20. g3 Ba3 21. Rxa3 Rxc1 22. Rc3 Qb1 23. Rxc1 Qxc1 24. Qxh7 1-0

[Event "8. Arber-Schachopen 2019"]
[Site "Bodenmais"]
[Date "2019.08.02"]
[Round "7.17"]
[White "Bielmeier, Ludwig"]
[Black "Heiduk, Christoph"]
[Result "1-0"]
[ECO "A14"]
[WhiteElo "2083"]
[BlackElo "1870"]
[Annotator "NA"]
[PlyCount "115"]
[EventDate "2019.07.27"]
[EventCountry "GER"]
[SourceTitle "playchess.com"]
[Source "ChessBase"]
[SourceQuality "1"]
[TimeControl "40/5400+30:1800+30"]

1. Nf3 d5 2. c4 e6 3. g3 Nf6 4. Bg2 Be7 5. O-O O-O 6. Qc2 c5 7. d4 b6 8. Nc3 {[%emt 0:07:17] A14: English Opening: 1...e6 with b3 by White} (8. Rd1 Bb7 9. cxd5 exd5 10. Nc3 Na6 11. Bg5 Nc7 12. Rac1 c4 13. Ne5 b5 14. Qf5 Qc8 15. Qf3 a6 16. b3 Ra7 17. bxc4 dxc4 18. Nc6 Bxc6 19. Qxc6 {½-½ (38) Gabuzyan,H (2571)-Shimanov,A (2641) chess.com INT 2018}) 8... Bb7 9. cxd5 cxd4 $146 ({Predecessor:} 9... exd5 10. Bf4 Bd6 11. Bxd6 Qxd6 12. Nb5 Qe7 13. dxc5 bxc5 14. Rac1 a6 15. Nc3 Nbd7 16. e3 Rac8 17. Rfd1 Ne5 {1-0 (47) Yilmaz,N (1559)-Yalcinkaya,I (1535) Konya 2018}) 10. Nxd4 Nxd5 11. Nxd5 Bxd5 12. e4 Bb7 13. Rd1 Qc8 14. Qe2 Nc6 15. Nb5 Rd8 16. Be3 e5 17. Rxd8+ Qxd8 18. Rd1 Qf8 19. Nc7 Rd8 20. Nd5 Bc5 21. h4 Qd6 $11 22. Bg5 Nd4 23. Qh5 Re8 24. Rd2 Qg6 25. Qd1 a5 26. a3 Qd6 27. Kh2 b5 28. Ne3 Qb6 29. Nd5 Qd6 30. Be3 Kh8 31. f4 f6 32. fxe5 fxe5 33. Qh5 Qg6 34. Qxg6 hxg6 35. Nc7 Rb8 36. Nxb5 Rf8 37. Nxd4 exd4 38. Bxd4 Bxd4 39. Rxd4 Rf2 40. b4 axb4 41. axb4 Rb2 42. Kg1 Kh7 43. Bf1 Rb1 44. Kf2 Rb2+ 45. Ke3 Rb3+ 46. Bd3 Ba6 47. e5 Bxd3 48. Rxd3 Rxb4 49. Rd4 Rb3+ 50. Kf4 Kg8 51. g4 Rb5 52. Re4 Kf7 53. Ra4 Rb7 54. Kg5 Rb5 55. Ra7+ Kf8 56. Kxg6 Rxe5 57. Ra8+ Ke7 58. g5 1-0

[Event "8. Arber-Schachopen 2019"]
[Site "Bodenmais"]
[Date "2019.08.02"]
[Round "7.18"]
[White "Schmid, Wolfgang"]
[Black "Danninger, Jannik"]
[Result "1/2-1/2"]
[ECO "B56"]
[WhiteElo "2162"]
[BlackElo "1842"]
[Annotator "ChessBase"]
[PlyCount "87"]
[EventDate "2019.07.27"]
[EventCountry "GER"]
[SourceTitle "playchess.com"]
[Source "ChessBase"]
[SourceQuality "1"]
[TimeControl "40/5400+30:1800+30"]

1. e4 c5 2. Nf3 d6 3. d4 cxd4 4. Nxd4 Nf6 5. Nc3 Nc6 6. h3 g6 7. Be3 Bg7 8. Qd2 O-O 9. g3 Qa5 10. Bg2 Qb4 11. O-O Nxd4 12. a3 Nxe4 13. Bxe4 Qc4 14. Rfd1 Nf5 15. Bg2 Bxc3 16. bxc3 Nxe3 17. Qxe3 Qc7 18. Rab1 e6 19. Rb4 d5 20. Rdb1 a5 21. Rh4 Ra6 22. Bf1 Rc6 23. Rb3 b6 24. c4 dxc4 25. Rb5 Ba6 26. Rbh5 f5 27. Rxh7 Qxh7 28. Rxh7 Kxh7 29. Qd4 Rf7 30. Bg2 Rc5 31. Qd6 Bc8 32. Qxb6 Rfc7 33. f4 c3 34. Bf3 Kg7 35. Kf2 Kf7 36. Qd6 Bd7 37. Qd4 Rc4 38. Qh8 Ba4 39. Be2 R4c5 40. Qh7+ Kf6 41. Qh8+ Kf7 42. Qh7+ Kf6 43. Qh8+ Kf7 44. Qh7+ 1/2-1/2

[Event "8. Arber-Schachopen 2019"]
[Site "Bodenmais"]
[Date "2019.08.02"]
[Round "7.19"]
[White "Hoffmann, Tim"]
[Black "Kneutgen, Alexander"]
[Result "1-0"]
[ECO "C03"]
[WhiteElo "2147"]
[BlackElo "1920"]
[Annotator "NA"]
[PlyCount "57"]
[EventDate "2019.07.27"]
[EventCountry "GER"]
[SourceTitle "playchess.com"]
[Source "ChessBase"]
[SourceQuality "1"]
[TimeControl "40/5400+30:1800+30"]

1. e4 e6 2. d4 d5 3. Nd2 h6 4. e5 Qd7 5. f4 b6 6. c3 Ba6 7. Ne2 c5 8. Nf3 Nc6 9. Be3 Rc8 10. g4 cxd4 11. Nexd4 Bxf1 12. Rxf1 Bc5 13. Qd3 Nxd4 14. cxd4 Bb4+ 15. Kf2 b5 16. Rfc1 Rxc1 17. Rxc1 Ne7 18. Qc2 Ba5 19. Bd2 Bxd2 20. Nxd2 h5 21. h3 O-O (21... hxg4 $11 {keeps the balance.} 22. hxg4 f5) 22. Qc7 ({Much worse is} 22. gxh5 $6 Rc8 $11) 22... Rd8 $16 23. Nb3 hxg4 24. hxg4 g6 25. Qc3 Rc8 26. Nc5 Qd8 27. Rh1 Qf8 28. Nd7 Qg7 29. Qa3 1-0

[Event "8. Arber-Schachopen 2019"]
[Site "Bodenmais"]
[Date "2019.08.02"]
[Round "7.20"]
[White "Glaser, Max"]
[Black "Fauth, Dietmar"]
[Result "1-0"]
[ECO "B30"]
[WhiteElo "1949"]
[BlackElo "2122"]
[Annotator "ChessBase"]
[PlyCount "51"]
[EventDate "2019.07.27"]
[EventCountry "GER"]
[SourceTitle "playchess.com"]
[Source "ChessBase"]
[SourceQuality "1"]
[TimeControl "40/5400+30:1800+30"]

1. e4 c5 2. Nf3 Nc6 3. Bb5 Nf6 4. Bxc6 dxc6 5. d3 Bg4 6. h3 Bh5 7. b3 Qc7 8. Bb2 Nd7 9. Qe2 e5 10. Qe3 f6 11. Nbd2 Bf7 12. a4 b6 13. O-O Be7 14. Ne1 g5 15. Nc4 Nf8 16. Nf3 Ne6 17. Ncxe5 O-O 18. Ng4 Qf4 19. Qxf4 Nxf4 20. Nh6+ Kh8 21. Nf5 Bd8 22. Nxg5 Bg6 23. g3 Ne2+ 24. Kg2 Re8 25. Rfe1 Kg8 26. Nf3 1-0

[Event "8. Arber-Schachopen 2019"]
[Site "Bodenmais"]
[Date "2019.08.02"]
[Round "7.21"]
[White "Gruettner, Ralf"]
[Black "Liebold, Aaron"]
[Result "1-0"]
[ECO "E35"]
[WhiteElo "2118"]
[BlackElo "1944"]
[Annotator "ChessBase"]
[PlyCount "115"]
[EventDate "2019.07.27"]
[EventCountry "GER"]
[SourceTitle "playchess.com"]
[Source "ChessBase"]
[SourceQuality "1"]
[TimeControl "40/5400+30:1800+30"]

1. d4 Nf6 2. c4 e6 3. Nc3 Bb4 4. Qc2 d5 5. cxd5 exd5 6. Bg5 O-O 7. a3 Be7 8. e3 h6 9. Bf4 c6 10. h3 Bd6 11. Bxd6 Qxd6 12. Bd3 b6 13. Nf3 Ba6 14. O-O Bxd3 15. Qxd3 Nbd7 16. Rfd1 Rfe8 17. Nd2 Rac8 18. Rac1 Qe7 19. Rc2 Nf8 20. Rdc1 Ne6 21. Nf3 Red8 22. b4 c5 23. dxc5 bxc5 24. bxc5 Rxc5 25. Ne2 Rdc8 26. Nfd4 Nxd4 27. Nxd4 Rxc2 28. Rxc2 Rxc2 29. Nxc2 Qc5 30. Qb3 Ne4 31. f3 Nd6 32. Kf2 Kf8 33. Nd4 Ke7 34. Qb4 Qb6 35. Nf5+ Kd7 36. Nxd6 Qxd6 37. Qb7+ Ke6 38. Qxa7 Qc6 39. Qd4 f6 40. a4 Qc2+ 41. Kg3 g5 42. Qb6+ Kf5 43. a5 h5 44. a6 g4 45. hxg4+ hxg4 46. fxg4+ Kg5 47. Qd4 Qe2 48. Qf4+ Kg6 49. a7 Qe1+ 50. Qf2 Qa5 51. Qf5+ Kg7 52. g5 fxg5 53. Qxg5+ Kh7 54. Qe7+ Kg6 55. Qe8+ Kg5 56. Qg8+ Kf5 57. Qf8+ Kg5 58. a8=Q 1-0

[Event "8. Arber-Schachopen 2019"]
[Site "Bodenmais"]
[Date "2019.08.02"]
[Round "7.22"]
[White "Pfeifer, Wilfried"]
[Black "Zepke, Armin"]
[Result "1/2-1/2"]
[ECO "A03"]
[WhiteElo "1916"]
[BlackElo "2122"]
[Annotator "NA"]
[PlyCount "44"]
[EventDate "2019.07.27"]
[EventCountry "GER"]
[SourceTitle "playchess.com"]
[Source "ChessBase"]
[SourceQuality "1"]
[TimeControl "40/5400+30:1800+30"]

1. f4 d5 2. Nf3 Nf6 3. e3 Bf5 4. Be2 e6 5. O-O Bd6 6. Ne5 Nbd7 7. Nxd7 Qxd7 8. Nc3 c6 9. d3 e5 10. e4 dxe4 11. dxe4 Nxe4 12. Nxe4 Bxe4 13. fxe5 Bc5+ 14. Kh1 Qxd1 15. Bxd1 O-O 16. Re1 Bd5 17. Be3 Bxe3 18. Rxe3 Rae8 19. Bf3 f6 20. Bxd5+ cxd5 21. e6 Re7 22. Kg1 Rd8 1/2-1/2

[Event "8. Arber-Schachopen 2019"]
[Site "Bodenmais"]
[Date "2019.08.02"]
[Round "7.23"]
[White "Fuchs, Michael"]
[Black "Weisheit, Erik"]
[Result "1-0"]
[ECO "B20"]
[WhiteElo "2114"]
[BlackElo "1862"]
[Annotator "NA"]
[PlyCount "65"]
[EventDate "2019.07.27"]
[EventCountry "GER"]
[SourceTitle "playchess.com"]
[Source "ChessBase"]
[SourceQuality "1"]
[TimeControl "40/5400+30:1800+30"]

1. e4 c5 2. Be2 Nc6 (2... g6 3. f4 Bg7 4. c3 Nf6 5. d3 d6 6. Nf3 O-O 7. O-O c4 8. d4 Nxe4 9. Bxc4 Nd7 {0-1 (46) Fedoseev,V (2733)-Artemiev,V (2696) Sochi 2017}) 3. f4 e5 4. d3 g6 5. Nf3 d6 6. O-O {[%emt 0:01:40] B31: Sicilian: 2...Nc6 3 Bb5 g6} Bg7 7. c3 Nge7 8. Na3 O-O 9. Nc2 d5 10. Nxe5 $146 ({Predecessor:} 10. Qe1 dxe4 11. dxe4 Bg4 12. Qg3 Bxf3 13. Rxf3 {0-1 (38) Norbeck,I-Karlstroem,T corr 1984}) 10... Nxe5 11. fxe5 d4 12. cxd4 cxd4 13. Bf4 Nc6 14. Qe1 Qb6 15. b3 Bxe5 16. Bh6 Bg7 17. Bxg7 Kxg7 18. Qh4 Be6 19. Qf6+ Kg8 20. h4 Rac8 21. Rac1 Qd8 22. Qf2 f5 23. exf5 Rxf5 24. Qg3 Rxf1+ 25. Rxf1 Qd5 26. h5 Kg7 ({Black should play} 26... Qe5 $14 27. Qxe5 Nxe5 28. Nxd4 Bg4) 27. Qf4 Qe5 28. Qxe5+ $11 Nxe5 29. Nxd4 Bd5 30. hxg6 hxg6 31. Nf3 Rc2 32. Re1 Bxf3 33. Bxf3 1-0

[Event "8. Arber-Schachopen 2019"]
[Site "Bodenmais"]
[Date "2019.08.02"]
[Round "7.24"]
[White "Jergler, Karl-Heinz"]
[Black "Vanhee, Lars"]
[Result "1-0"]
[ECO "B12"]
[WhiteElo "2094"]
[BlackElo "1895"]
[Annotator "NA"]
[PlyCount "69"]
[EventDate "2019.07.27"]
[EventCountry "GER"]
[SourceTitle "playchess.com"]
[Source "ChessBase"]
[SourceQuality "1"]
[TimeControl "40/5400+30:1800+30"]

1. e4 c6 2. d4 d5 3. e5 Bf5 4. Nf3 e6 5. Be2 c5 6. c3 Nc6 7. O-O cxd4 {[%emt 0:00:37] B12: Caro-Kann: Advance Variation} 8. Nxd4 Nge7 9. Nxf5 (9. Qb3 Qd7 10. f4 Bg6 11. Be3 Nf5 12. Nxf5 Bxf5 13. Nd2 h5 14. Nf3 Be7 15. Rad1 {½-½ (38) Fressinet,L (2662)-Kasimdzhanov,R (2683) Riadh 2017}) 9... Nxf5 10. Bd3 Nh4 11. Re1 Be7 $146 ({Predecessor:} 11... Ng6 12. Qh5 Bc5 13. b4 Bb6 14. b5 {1-0 (35) Ebeling,D (2328)-Ronka,E (2074) Jyvaskyla 2012}) 12. Nd2 Qc7 13. Qe2 O-O 14. g3 Ng6 15. Nf3 Rac8 16. h4 Rfd8 17. Bd2 a6 18. Rac1 Rd7 19. Kg2 Rdd8 20. Bb1 b5 21. Bxg6 hxg6 {[%emt 0:06:00] [#]} ({Better is} 21... fxg6 $14 22. Be3 Re8) 22. Nd4 (22. Rh1 $1 $16) 22... Nxd4 23. cxd4 Qb7 24. h5 Rxc1 25. Rxc1 $16 gxh5 26. Qxh5 f5 27. Rh1 Qd7 28. Qg6 Bf8 29. Bg5 Rc8 30. Rh6 Rc6 31. Qh7+ Kf7 32. Rf6+ Ke8 33. Qg6+ Kd8 34. Rxf8+ Kc7 35. Rf7 1-0